 Dungeon Crawl Stone Soup version 0.28.0-53-g5a82cb258f (webtiles) character file.

Game seed: 7689189291989282405

952 buhh the Changer (level 8, 0/55 HPs)
             Began as an Octopode Transmuter on June 18, 2022.
             Slain by a gnoll
             ... wielding a +0 spear
              (6 damage)
             ... on level 5 of the Dungeon.
             The game lasted 00:18:33 (6357 turns).

buhh the Changer (Octopode Transmuter)              Turns: 6357, Time: 00:18:33

Health: 0/55       AC:  2    Str: 10    XL:     8   Next: 14%
Magic:  8/11       EV: 19    Int: 17    God:
Gold:   190        SH:  0    Dex: 17    Spells: 5/11 levels left

rFire   . . .      SeeInvis .     - Unarmed
rCold   . . .      Faith    .   (shield currently unavailable)
rNeg    . . .      Spirit   .   (helmet currently unavailable)
rPois   x          Reflect  .   (no amulet)
rElec   .          Harm     .   (no ring)
rCorr   .          Rampage  .   (no ring)
Will    .....                   (no ring)
Stlth   ++........              (no ring)
HPRegen 0.18/turn               (no ring)
MPRegen 0.12/turn               (no ring)
                                (no ring)
                                (no ring)

@: spider-form, attractive
A: venomous fangs, almost no armour, (amphibious), 8 rings, tiny, (camouflage
1), (gelatinous body 1), (nimble swimmer 1), (tentacles)
a: End Transformation


You were on level 5 of the Dungeon.
You were a venomous arachnid creature.
You visited 1 branch of the dungeon, and saw 5 of its levels.

You collected 190 gold pieces.

Inventory:

Missiles
 d - 4 poisoned darts
 G - a javelin


   Skills:
 - Level 5.0 Fighting
 - Level 1.0 Throwing
 - Level 2.0 Dodging
 - Level 1.0 Stealth
 - Level 3.0 Unarmed Combat
 - Level 2.0 Spellcasting
 - Level 6.0 Transmutations
 * Level 4.5 Ice Magic


You had 5 spell levels left.
You knew the following spells:

 Your Spells              Type           Power      Damage    Failure   Level
a - Beastly Appendage     Tmut           44%        N/A       7%          1
b - Wereblood             Tmut           22%        N/A       10%         2
c - Spider Form           Tmut/Pois      11%        N/A       36%         3

Your spell library contained the following spells:

 Spells                   Type           Power      Damage    Failure   Level
 Foxfire                  Conj/Fire      4%         2x1d4     38%         1
 Ice Form                 Ice/Tmut       19%        N/A       43%         4
 Conjure Flame            Conj/Fire      1%         6-21      71%         3
 Inner Flame              Hex/Fire       1%         N/A       71%         3
 Flame Wave               Conj/Fire      1%         2d4       96%         4


Dungeon Overview and Level Annotations

Branches:
Dungeon (5/15)
 Temple: D:4-7

Altars:
Sif Muna

Shops:
D:2 [

Annotations:
D:5 2 exclusions


Innate Abilities, Weirdness & Mutations

You are a venomous arachnid creature.
You have poisonous fangs.
You are tiny and dextrous.
Your spellcasting is less reliable in this form.
Your armour is entirely melded.
You are incapable of wielding weapons or throwing items.
You cannot wear most types of armour.
((You are amphibious.))
You can wear up to eight rings at the same time.
((Your skin changes colour to match your surroundings (Stealth+).))
((Your rubbery body absorbs attacks. (AC +1, EV +1)))
((You are camouflaged when in or above water. (Stealth+)))
((You have tentacles for arms and can constrict up to eight enemies at once.))


Message History

You hit the gnoll.
You kill the gnoll!
The gnoll completely misses you. The gnoll closely misses you.
A gnoll comes into view. It is wielding a +0 spear.
You see here a +0 flail.
You hit the gnoll.
The gnoll is poisoned.
The gnoll is heavily wounded.
The gnoll barely misses you.
You hit the gnoll but do no damage.
The gnoll is heavily wounded.
The gnoll closely misses you.
You hit the gnoll.
The gnoll looks as sick as possible!
The gnoll is almost dead.
You kill the gnoll!
You hit the gnoll.
The gnoll is moderately wounded.
The gnoll hits you with a +0 whip. The gnoll barely misses you.
You hit the gnoll but do no damage.
The gnoll is poisoned.
The gnoll is moderately wounded.
The gnoll hits you with a +0 whip!
The gnoll hits you from afar with a +0 spear.
You hit the gnoll but do no damage.
The gnoll looks even sicker.
The gnoll is moderately wounded.
The gnoll hits you with a +0 whip.
The gnoll hits you from afar with a +0 spear!
* * * LOW HITPOINT WARNING * * *
It was a potion of attraction.
You feel attractive to monsters.
Your transformation has ended.
The gnoll completely misses you.
The gnoll hits you from afar with a +0 spear!
* * * LOW HITPOINT WARNING * * *
It was a potion of magic.
Magic courses through your body. The gnoll misses you.
The gnoll barely misses you.
Casting: Spider Form (dangerous; 17% risk of failure)
Confirm with . or Enter, or press ? or * to list all spells.
You turn into a venomous arachnid creature.
The gnoll misses you.
The gnoll hits you from afar with a +0 spear.
You die...

#.....# #.# #.# #.# #.#####
#.# #.# #.#
#.########.#########.# #.#
#....................# #.#
##########.######.##.####.#
#.# #.##....... #.#
#.######### #.# #.# #s# #.#
#g# #.# #g# #.# ... ###


You could see 2 gnolls.

Vanquished Creatures
  Duvessa (D:4)
  2 ogres (D:4)
  A scorpion (D:3)
  A jelly (D:5)
  Dowan (D:4)
  A howler monkey (D:4)
  2 bullfrog skeletons
  A gnoll shaman (D:4)
  An orc priest (D:4)
  3 iguanas
  Natasha (thrice) (D:3)
  5 adders
  6 gnolls
  2 ufetubi (D:5)
  2 worms
  5 dart slugs
  10 orcs
  2 bats
  9 endoplasms
  2 giant cockroaches
  12 goblins
  7 hobgoblins
  4 jackals (D:5)
  A quokka (D:4)
  4 ball pythons
  4 frilled lizards (D:1)
  5 kobolds (D:1)
  3 rats
100 creatures vanquished.

Notes
Turn   | Place    | Note
-------+----------+-------------------------------------------
     0 | D:1      | buhh the Octopode Transmuter began the quest for the Orb.
     0 | D:1      | Reached XP level 1. HP: 13/13 MP: 3/3
   420 | D:1      | Reached XP level 2. HP: 19/19 MP: 3/5
   715 | D:1      | Reached XP level 3. HP: 22/25 MP: 4/6
   718 | D:1      | Learned a level 2 spell: Wereblood
  1346 | D:2      | Found Boloch's Armour Emporium.
  1566 | D:2      | Found a shimmering blue altar of Sif Muna.
  1718 | D:2      | Reached XP level 4. HP: 28/32 MP: 7/7
  1769 | D:2      | You fall into a shaft and drop 2 floors!
  1857 | D:4      | Noticed an ogre
  2251 | D:4      | Reached XP level 5. HP: 20/38 MP: 8/8
  2475 | D:4      | Noticed an ogre
  2675 | D:3      | Found a faded altar of an unknown god.
  2811 | D:3      | Noticed Natasha
  2819 | D:3      | Killed Natasha
  3225 | D:3      | Noticed Natasha
  3365 | D:3      | Killed Natasha
  3366 | D:3      | Reached skill level 3 in Transmutations
  3366 | D:3      | Reached XP level 6. HP: 41/45 MP: 7/9
  3496 | D:3      | Noticed Natasha
  3510 | D:3      | Killed Natasha
  3511 | D:3      | Reached skill level 4 in Transmutations
  3797 | D:5      | Entered Level 5 of the Dungeon
  3902 | D:4      | Noticed Duvessa
  4353 | D:4      | Learned a level 3 spell: Spider Form
  4405 | D:4      | Reached XP level 7. HP: 29/50 MP: 5/10
  4763 | D:4      | Noticed Dowan
  4774 | D:4      | Killed Duvessa
  4775 | D:4      | Reached skill level 5 in Transmutations
  4783 | D:4      | Killed Dowan
  5586 | D:5      | Reached XP level 8. HP: 51/55 MP: 8/11
  5707 | D:4      | Reached skill level 6 in Transmutations
  6184 | D:5      | Noticed a yak
  6184 | D:5      | Noticed a yak
  6184 | D:5      | Noticed a yak
  6357 | D:5      | Slain by a gnoll

Illustrated notes

Levels and vault maps discovered:
D:1:      dpeg_arrival_windows_large_door, layout_loops_ring
D:2:      layout_basic, serial_shops, shop_statue, basic_altar
D:3:      layout_basic, chequers_ecumenical_altar_island,
          guppyfry_early_orc_mine, uniq_natasha
D:4:      layout_gridville, wad_floor_pattern_untrapped, uniq_duvessa
D:5:      layout_basic

Skill      XL: |  1  2  3  4  5  6  7  8 |
---------------+-------------------------+-----
Stealth        | 1 |  1.0
Fighting       | 2 3 4 5 |  5.0
Throwing       | 1 |  1.0
Transmutations | 3 4 5 6 |  6.0
Ice Magic      | 1 3 4 |  4.5
Dodging        | |  2.0
Unarmed Combat | |  3.0
Spellcasting   | |  2.0

Action                   |  1- 3 |  4- 6 |  7- 9 || total
-------------------------+-------+-------+-------++-------
Melee: Unarmed           |    75 |   103 |    82 ||   260
       Constrict         |    16 |    35 |     8 ||    59
       Kick              |    24 |    37 |    11 ||    72
       Tentacles         |    14 |    28 |     6 ||    48
       Punch             |     5 |     1 |     1 ||     7
Throw: Javelin           |       |     7 |     2 ||     9
       Dart              |       |     9 |     9 ||    18
 Cast: Beastly Appendage |    23 |    30 |     7 ||    60
       Spider Form       |       |     2 |     9 ||    11
  Use: Scroll            |     2 |     3 |       ||     5
       Potion            |       |       |     3 ||     3
 Stab: Sleeping          |     4 |     7 |       ||    11
Armor: Skin              |     2 |     4 |     4 ||    10
Dodge: Dodged            |    38 |    50 |    69 ||   157
